 Dungeon Sprint DCSS version 0.27-a0-1519-gc8121b24ce (webtiles) character file.

Game seed: 1235344221422261599

11777 Conn the Scorcher (level 11, 0/69 HPs)
             Began as an Octopode Fire Elementalist on July 10, 2021.
             Was a High Priest of Sif Muna.
             Killed by triggering an arrow trap (3 damage)
             ... in the Dungeon (Sprint I: "Red Sonja").
             The game lasted 00:42:11 (4759 turns).

Conn the Scorcher (Octopode Fire Elementalist)      Turns: 4759, Time: 00:42:12

Health: 0/69       AC:  1    Str:  7    XL:     11   Next: 83%
Magic:  27/27      EV: 15    Int: 27    God:    Sif Muna [*****.]
Gold:   298        SH:  0    Dex: 13    Spells: 3/34 levels left

rFire    . . .     SeeInvis .   c - +2 scythe (venom)
rCold    . . .     Faith    .   (shield currently unavailable)
rNeg     . . .     Spirit   .   (helmet restricted)
rPois    .         Reflect  .   (no amulet)
rElec    .         Harm     .   m - +6 ring of intelligence
rCorr    .         Rampage  .   (no ring)
Will     .....     NoTele   +   (no ring)
Stlth    ++++......             (no ring)
HPRegen  0.21/turn              (no ring)
MPRegen  0.20/turn              (no ring)
                                (no ring)
                                (no ring)

@: no status effects
A: almost no armour, amphibious, 8 rings, camouflage 1, gelatinous body 1,
(nimble swimmer 1), tentacles
a: Renounce Religion, Channel Magic, Forget Spell, Divine Exegesis


You were in the Dungeon.
You worshipped Sif Muna.
Sif Muna was extremely pleased with you.
You visited 1 branch You collected 1696 gold pieces.
You spent 1398 gold pieces at shops.

Inventory:

Hand Weapons
 c - a +2 scythe of venom (weapon)
 e - a +0 dagger
 h - a +1 dagger of venom
 k - a +2 shortbow of flaming
Missiles
 g - 2 curare-tipped darts (quivered)
 l - 45 arrows
Jewellery
 m - a +6 ring of intelligence (left tentacle)
Potions
 a - 3 potions of curing
 d - 2 potions of magic
 j - a potion of invisibility


   Skills:
 + Level 4.1 Fighting
 + Level 3.7 Polearms
 + Level 0.8 Throwing
 + Level 6.8 Dodging
 - Level 5.5 Stealth
 + Level 12.3 Spellcasting
 * Level 13.8 Conjurations
 + Level 1.2 Hexes
 - Level 4.8 Summonings
 - Level 3.6 Transmutations
 * Level 15.9 Fire Magic
 + Level 5.0 Air Magic
 + Level 3.3 Earth Magic
 + Level 0.8 Poison Magic
 - Level 7.2 Invocations


You had 3 spell levels left.
You knew the following spells:

 Your Spells              Type           Power      Damage    Failure   Level
a - Foxfire               Conj/Fire      100%       2x1d9     0%          1
b - Bolt of Magma         Conj/Fire/Erth 33%        4d15      1%          5
c - Orb of Destruction    Conj           37%        9d13      10%         7
d - Summon Guardian Gole  Hex/Summ       33%        N/A       3%          3
e - Fireball              Conj/Fire      38%        3d16      1%          5
f - Stone Arrow           Conj/Erth      100%       3d13      1%          3
g - Airstrike             Air            21%        N/A       4%          4
i - Mephitic Cloud        Conj/Pois/Air  51%        N/A       1%          3

Your spell library contained the following spells:

 Spells                   Type           Power      Damage    Failure   Level
 Magic Dart               Conj           100%       1d8       0%          1
 Shock                    Conj/Air       100%       1d9       1%          1
 Call Imp                 Summ           42%        N/A       1%          2
 Passwall                 Tmut/Erth      29%        N/A       1%          2
 Conjure Flame            Conj/Fire      77%        6-21      1%          3
 Ignite Poison            Fire/Tmut/Pois 52%        N/A       1%          3
 Inner Flame              Hex/Fire       58%        N/A       1%          3
 Swiftness                Air            43%        N/A       1%          3
 Sticky Flame             Conj/Fire      77%        2d9       1%          4
 Iskenderun's Battlesphe  Conj           74%        2d12      1%          5
 Starburst                Conj/Fire      38%        8x6d11    1%          6
 Irradiate                Conj/Tmut      29%        3d23      2%          5
 Ignition                 Fire           40%        3d12      32%         8
 Animate Dead             Necr           8%         N/A       34%         4
 Dispel Undead            Necr           16%        3d10      34%         4
 Yara's Violent Unravell  Hex/Tmut       14%        3d7       34%         5
 Spellforged Servitor     Conj/Summ      30%        N/A       54%         7
 Statue Form              Tmut/Erth      23%        N/A       77%         6
 Death Channel            Necr           8%         N/A       99%         6
 Lehudib's Crystal Spear  Conj/Erth      29%        10d8      100%        8
 Chain Lightning          Conj/Air       30%        3d40      100%        9
 Dragon's Call            Summ           21%        N/A       100%        9
 Fire Storm               Conj/Fire      38%        8d10      100%        9
 Shatter                  Erth           17%        3d16*     100%        9


Dungeon Overview and Level Annotations

Branches:
Dungeon (1/1)

Altars:
Cheibriados
Dithmenos
Elyvilon
Fedhas
Gozag
Hepliaklqana
Kikubaaqudgha
Makhleb
Nemelex Xobeh
Okawaru
Qazlal
Ru
Sif Muna
Trog
Uskayaw
Vehumet
Wu Jian
Xom
Yredelemnul
Zin
The Shining One
Jiyva
Lugonu

Shops:
D *(!(==:!!*(=:(:*?:![*


Innate Abilities, Weirdness & Mutations

You cannot wear most types of armour.
You are amphibious.
You can wear up to eight rings at the same time.
Your skin changes colour to match your surroundings (Stealth+).
Your rubbery body absorbs attacks. (AC +1, EV +1)
((You are camouflaged near water. (Stealth+)))
You have tentacles for arms and can constrict up to eight enemies at once.


Message History

Found 324 gold pieces and a ring mail.
There is an open door here.
You avoid triggering an arrow trap.
There is an arrow trap here.
You close the door.
Search for what [Enter for "blink", or ? for help]? rf Unknown command.
Unknown command.
You start resting.
HP restored.
This door is marked as excluded!
Open it anyway?
You open the door.
You are engulfed in a cloud of scalding steam.
There is an open door here.
You are engulfed in a cloud of scalding steam.
Found 108 gold pieces.
You see here 27 gold pieces.
You now have 244 gold pieces (gained 27).
You are engulfed in a cloud of scalding steam.
Found 81 gold pieces.
You are engulfed in a cloud of scalding steam.
You see here 27 gold pieces.
You now have 271 gold pieces (gained 27).
You are engulfed in a cloud of scalding steam.
You are engulfed in a cloud of scalding steam.
You see here 27 gold pieces.
You now have 298 gold pieces (gained 27).
You are engulfed in a cloud of scalding steam.
* * * LOW HITPOINT WARNING * * *
You are engulfed in a cloud of scalding steam.
* * * LOW HITPOINT WARNING * * *
You are engulfed in a cloud of scalding steam.
* * * LOW HITPOINT WARNING * * *
You feel better.
You are engulfed in a cloud of scalding steam.
* * * LOW HITPOINT WARNING * * *
There is an open door here.
Really wriggl into that arrow trap?
An arrow shoots out and hits you!
You die...

#######################**********
§§.§§§.§§§†'..#^^'..§$#,,,,,,,,,*
§####§§§§§##..'^@#.$§$#*,,,,,,,,*
§#,*##§.§#######+#$§§§$#****,,,,*
§#+*,###+#,,,**,,#§§§§§#,,,*,,,,*
##^,,*,*,**,,,*,,##§§§§#,∩,*,,,,*
,*,,,***,,***,*,,≈*##+##,,,*,,,,*
^+,,,,,**,*,*,*,,≈,,*,****+*,,,,*
,*^,,,,*,,***,*,,≈,**+*,^,,**,,,*
,***++**,**,,,*,,≈**,,^^,,,,**,,*
***,,***,,*+***,,≈*,,,,,,,,,,*,,*


There were no monsters in sight!

Vanquished Creatures
  A hydra (D)
  2 centaur warriors (D)
  Sonja (D)
  A deep troll (D)
  A lindwurm (D)
  An oklob plant (D)
  A shining eye (D)
  2 unseen horrors (D)
  2 kobold demonologists (D)
  4 demonic crawlers (D)
  A hornet (D)
  A slime creature (D)
  2 redbacks (D)
  Sigmund (D)
  A yak (D)
  13 hogs (D)
  4 floating eyes (D)
  7 necrophages (D)
  An ogre (D)
  8 jellies (D)
  Ijyb (D)
  2 ballistomycete spores (D)
58 creatures vanquished.

Vanquished Creatures (collateral kills)
  7 shining eyes (D)
  3 floating eyes (D)
10 creatures vanquished.

Vanquished Creatures (others)
  A gargoyle (D)
  36 foxfires (D)
37 creatures vanquished.

Grand Total: 105 creatures vanquished

Notes
Turn   | Place    | Note
-------+----------+-------------------------------------------
     0 | D        | Conn the Octopode Fire Elementalist began the quest for the
                  | Orb.
     0 | D        | Reached XP level 1. HP: 11/11 MP: 3/3
     3 | D        | Noticed Ijyb
    19 | D        | Killed Ijyb
    20 | D        | Reached skill level 4 in Fire Magic
    20 | D        | Reached XP level 2. HP: 5/17 MP: 0/6
    20 | D        | Reached XP level 3. HP: 6/21 MP: 0/7
   232 | D        | Killed a gargoyle
   255 | D        | Learned a level 3 spell: Conjure Flame
   259 | D        | Learned a level 3 spell: Inner Flame
   265 | D        | Noticed an ogre
   286 | D        | Killed an ogre
   287 | D        | Reached skill level 6 in Fire Magic
   287 | D        | Reached XP level 4. HP: 27/27 MP: 0/10
   395 | D        | Learned a level 4 spell: Sticky Flame
   397 | D        | Noticed Sigmund
   406 | D        | Killed Sigmund
   407 | D        | Reached skill level 1 in Fighting
   407 | D        | Reached skill level 5 in Stealth
   407 | D        | Reached skill level 5 in Spellcasting
   407 | D        | Reached skill level 5 in Conjurations
   407 | D        | Reached skill level 8 in Fire Magic
   407 | D        | Reached XP level 5. HP: 10/33 MP: 2/12
   407 | D        | Reached XP level 6. HP: 11/38 MP: 2/14
   655 | D        | Found an ornate altar of the Wu Jian Council.
   655 | D        | Found a shimmering blue altar of Sif Muna.
   657 | D        | Found a radiant altar of Vehumet.
   661 | D        | Became a worshipper of Sif Muna the Loreminder
   747 | D        | Learned a level 5 spell: Fireball
   747 | D        | Found Zep Vaz's Weapon Emporium.
   747 | D        | Found an ancient bone altar of Kikubaaqudgha.
   747 | D        | Found a hazy altar of Hepliaklqana.
   747 | D        | Found a stormy altar of Qazlal.
   747 | D        | Found a hide-covered altar of Uskayaw.
   747 | D        | Found a blossoming altar of Fedhas.
   747 | D        | Found a bloodstained altar of Trog.
   747 | D        | Found an iron altar of Okawaru.
   747 | D        | Found a basalt altar of Yredelemnul.
   747 | D        | Found a glowing golden altar of the Shining One.
   747 | D        | Found a snail-covered altar of Cheibriados.
   747 | D        | Found a sacrificial altar of Ru.
   747 | D        | Found a glowing silver altar of Zin.
   747 | D        | Found a shadowy altar of Dithmenos.
   747 | D        | Found a white marble altar of Elyvilon.
   747 | D        | Noticed a yak
   770 | D        | Killed a yak
   771 | D        | Reached skill level 9 in Fire Magic
   834 | D        | Found an opulent altar of Gozag.
   835 | D        | Found a sparkling altar of Nemelex Xobeh.
   850 | D        | Found a burning altar of Makhleb.
   850 | D        | Found a viscous altar of Jiyva.
   850 | D        | Found a shimmering altar of Xom.
   850 | D        | Found a corrupted altar of Lugonu.
   850 | D        | Noticed a slime creature
   864 | D        | Killed a slime creature
   864 | D        | Reached * piety under Sif Muna
   865 | D        | Reached skill level 1 in Polearms
   865 | D        | Reached skill level 5 in Dodging
   865 | D        | Reached skill level 10 in Fire Magic
   865 | D        | Reached XP level 7. HP: 26/44 MP: 12/16
   995 | D        | Noticed Sonja
   998 | D        | Killed Sonja
   999 | D        | Reached skill level 11 in Fire Magic
   999 | D        | Reached XP level 8. HP: 37/51 MP: 2/19
  1162 | D        | Found Akocwism's General Store.
  1182 | D        | Noticed a deep troll
  1195 | D        | Killed a deep troll
  1196 | D        | Reached skill level 1 in Hexes
  1196 | D        | Reached skill level 12 in Fire Magic
  1196 | D        | Reached XP level 9. HP: 47/55 MP: 7/21
  1214 | D        | Found Leesiam's Armour Emporium.
  1303 | D        | Noticed a centaur warrior
  1308 | D        | Killed a centaur warrior
  1308 | D        | Reached ** piety under Sif Muna
  1309 | D        | Reached skill level 10 in Conjurations
  1309 | D        | Reached skill level 13 in Fire Magic
  1382 | D        | Killed a centaur warrior
  1383 | D        | Reached skill level 5 in Invocations
  1644 | D        | Noticed a hornet
  1649 | D        | Killed a hornet
  1714 | D        | Noticed an oklob plant
  1720 | D        | Killed an oklob plant
  1721 | D        | Reached XP level 10. HP: 26/63 MP: 3/23
  1910 | D        | Reached *** piety under Sif Muna
  1911 | D        | Reached skill level 14 in Fire Magic
  1976 | D        | Killed an unseen horror
  1976 | D        | Killed an unseen horror
  2105 | D        | Reached **** piety under Sif Muna
  2106 | D        | Reached ***** piety under Sif Muna
  2106 | D        | Received a gift from Sif Muna
  2107 | D        | Reached skill level 10 in Spellcasting
  2108 | D        | Got Sif Muna's Almanac of the Mutagenic Mountains {god
                  | gift}
  2279 | D        | Received a gift from Sif Muna
  2280 | D        | Got Sif Muna's Volume of Doomed Calling {god gift}
  2372 | D        | Identified the +1 gold dragon scales of Servitude {Rampage
                  | rPois rF+ rC+ Slay+5}
  2385 | D        | Found Qigitho's Distillery.
  2385 | D        | Found Quyfol's Book Shop.
  2385 | D        | Found Fareeb's Distillery.
  2387 | D        | Found Sorukaclec's Assorted Antiques.
  2387 | D        | Found Pukopun's Antique Weapon Shop.
  2387 | D        | Found Ugyog's Jewellery Shoppe.
  2387 | D        | Found Xitrun's Book Boutique.
  2387 | D        | Found Fiufadew's Weapon Emporium.
  2387 | D        | Found Fom Ziu's Book Shop.
  2387 | D        | Found Hoho's General Store.
  2392 | D        | Found Biwucoah's Magic Scroll Boutique.
  2393 | D        | Found Colis's Distillery.
  2393 | D        | Found Niatuzuz's Book Boutique.
  2394 | D        | Found Etriv's Assorted Antiques.
  2415 | D        | Learned a level 3 spell: Stone Arrow
  2419 | D        | Bought a book of Air for 242 gold pieces
  2424 | D        | Learned a level 4 spell: Airstrike
  2430 | D        | Learned a level 5 spell: Irradiate
  2501 | D        | Bought a book of Minor Magic for 180 gold pieces
  2505 | D        | Learned a level 2 spell: Call Imp
  2549 | D        | Noticed a kobold demonologist
  2550 | D        | Noticed a kobold demonologist
  2551 | D        | Killed a kobold demonologist
  2551 | D        | Killed a kobold demonologist
  2552 | D        | Reached skill level 1 in Summonings
  2552 | D        | Reached skill level 1 in Transmutations
  2552 | D        | Reached skill level 1 in Air Magic
  2638 | D        | Noticed a shining eye
  2638 | D        | Noticed a shining eye
  2638 | D        | Noticed a shining eye
  2643 | D        | Reached skill level 15 in Fire Magic
  2651 | D        | Killed a shining eye
  2660 | D        | Killed a shining eye
  2675 | D        | Received a gift from Sif Muna
  2676 | D        | Got Sif Muna's Almanac of Ashen Fire {god gift}
  2677 | D        | Paralysed by a floating eye for 2 turns
  2717 | D        | Killed a shining eye
  2718 | D        | Reached XP level 11. HP: 68/68 MP: 15/25
  2737 | D        | Noticed a shining eye
  2737 | D        | Noticed a shining eye
  2737 | D        | Noticed a shining eye
  2793 | D        | Killed a shining eye
  2811 | D        | Killed a shining eye
  2812 | D        | Noticed a shining eye
  2813 | D        | Killed a shining eye
  2942 | D        | Paralysed by a floating eye for 3 turns
  2954 | D        | Noticed a shining eye
  2998 | D        | Killed a shining eye
  3002 | D        | Killed a shining eye
  3029 | D        | Found Hamapt's Antique Weapon Shoppe.
  3029 | D        | Found Forrouma's Jewellery Shop.
  3029 | D        | Found Nerr's Distillery.
  3029 | D        | Found Royplom's Jewellery Boutique.
  3098 | D        | Bought a +6 ring of intelligence for 760 gold pieces
  3103 | D        | Learned a level 3 spell: Mephitic Cloud
  3499 | D        | Bought a potion of haste for 120 gold pieces
  3499 | D        | Bought a potion of invisibility for 96 gold pieces
  3613 | D        | Received a gift from Sif Muna
  3614 | D        | Got Sif Muna's Incunabulum of Conjuration {god gift}
  3949 | D        | Reached skill level 1 in Earth Magic
  4149 | D        | Learned a level 3 spell: Ignite Poison
  4158 | D        | Noticed a lindwurm
  4163 | D        | Killed a lindwurm
  4220 | D        | Reached ****** piety under Sif Muna
  4221 | D        | Received a gift from Sif Muna
  4222 | D        | Got Sif Muna's Reference Book on Conjuration {god gift}
  4239 | D        | Received a gift from Sif Muna
  4526 | D        | Learned a level 5 spell: Bolt of Magma
  4534 | D        | Learned a level 7 spell: Orb of Destruction
  4552 | D        | Learned a level 3 spell: Summon Guardian Golem
  4556 | D        | Noticed a 12-headed hydra
  4561 | D        | Killed a 12-headed hydra
  4562 | D        | Reached skill level 5 in Air Magic
  4757 | D        | HP: 3/69 [something (9)]
  4759 | D        | Killed by triggering an arrow trap

Illustrated notes

Levels and vault maps discovered:
D:        dungeon_sprint_1 [red_sonja_temple_1, red_sonja_temple_small_1]

Skill      XL: |  1  2  3  4  5  6  7  8  9 10 11 |
---------------+----------------------------------+-----
Stealth        | 3 4 5 |  5.5
Spellcasting   | 3 4 5 6 7 8 9 10 12 | 12.3
Conjurations   | 2 4 5 7 9 11 12 13 | 13.8
Fire Magic     | 4 6 8 10 11 12 13 15 | 15.9
Dodging        | 3 4 5 6 |  6.8
Fighting       | 1 2 3 4 |  4.1
Polearms       | 1 2 3 |  3.7
Hexes          | 1 |  1.2
Invocations    | 3 5 7 |  7.2
Summonings     | 2 4 |  4.8
Transmutations | 2 3 |  3.6
Air Magic      | 2 5 |  5.0
Earth Magic    | 3 |  3.3
Throwing       | |  0.8
Poison Magic   | |  0.8

Action                   |  1- 3 |  4- 6 |  7- 9 | 10-12 || total
-------------------------+-------+-------+-------+-------++-------
Melee: Unarmed           |     8 |       |       |       ||     8
       Constrict         |     1 |       |       |     8 ||     9
       Tentacles         |     1 |       |       |     3 ||     4
       Scythe            |       |     4 |     1 |    20 ||    25
Throw: Dart              |       |       |     1 |     2 ||     3
 Cast: Foxfire           |     8 |     9 |     1 |     2 ||    20
       Conjure Flame     |     1 |     2 |       |     1 ||     4
       Inner Flame       |       |     1 |       |       ||     1
       Sticky Flame      |       |     2 |     4 |     5 ||    11
       Fireball          |       |       |    13 |    22 ||    35
       Call Imp          |       |       |       |    24 ||    24
       Stone Arrow       |       |       |       |    18 ||    18
       Airstrike         |       |       |       |     6 ||     6
       Mephitic Cloud    |       |       |       |     4 ||     4
       Bolt of Magma     |       |       |       |     2 ||     2
       Summon Guardian G |       |       |       |     2 ||     2
       Ignite Poison     |       |       |       |     1 ||     1
       Irradiate         |       |       |       |     1 ||     1
Invok: Forget Spell      |       |       |       |     5 ||     5
       Channel Magic     |       |       |       |     1 ||     1
  Use: Potion            |     2 |       |       |     4 ||     6
       Scroll            |       |       |       |     4 ||     4
 Stab: Sleeping          |       |     1 |       |       ||     1
Armor: Skin              |     1 |       |       |     6 ||     7
Dodge: Dodged            |     2 |     4 |     6 |    40 ||    52

Table legend: (Time is in decaauts)
 A = Elapsed time spent in this place.
 B = Non-inter-level travel time spent in this place.
 C = Inter-level travel time spent in this place.
 D = Time resting spent in this place.
 E = Time spent auto-exploring this place.
 F = Levels seen in this place.
 G = Mean time per level.
                   A        B        C        D        E       F      G
               +--------+--------+--------+--------+--------+-----+--------+
         Total |   4760 |   4683 |     77 |   3064 |      0 |   1 | 4760.0 |
       Dungeon |   4760 |   4683 |     77 |   3064 |      0 |   1 | 4760.0 |
               +--------+--------+--------+--------+--------+-----+--------+

Top non-repeatable levels by time:
       D: 4760 daAuts
